 Dungeon Crawl Stone Soup version 0.24.0-123-gd5b16e6ec5 (webtiles) character file.

Game seed: 7658784418148135059, levelgen mode: deterministic

4359 Mevorra the Basher (level 10, 0/198 HPs)
             Began as a Minotaur Berserker on Jan 22, 2020.
             Was a High Priest of Trog.
             Succumbed to an orc's poison
             ... on level 8 of the Dungeon.
             The game lasted 00:42:52 (4811 turns).

Mevorra the Basher (Minotaur Berserker)             Turns: 4811, Time: 00:42:53

Health: 0/198      AC: 25    Str: 29    XL:     10   Next: 12%
Magic:  9/9        EV:  2    Int:  4    God:    Trog [*****.]
Gold:   412        SH:  0    Dex: 11    Spells: 9/9 levels left

rFire    . . .     SeeInvis .   w - +3 flail (drain)
rCold    . . .     Gourm    .   (no shield)
rNeg     + + +     Faith    .   (armour currently unavailable)
rPois    +         Spirit   .   (helmet currently unavailable)
rElec    .         Reflect  .   (cloak currently unavailable)
rCorr    .         Harm     .   (gloves currently unavailable)
MR       .....     NoTele   +   (boots currently unavailable)
Stlth    ..........             (no amulet)
HPRegen  0.43/turn              i - ring of positive energy
MPRegen  0.11/turn              k - +2 ring of slaying

@: berserking (expiring), lethally poisoned (0 -> -4), tree-form, very quick
A: (retaliatory headbutt)
a: Berserk, Trog's Hand, Brothers in Arms, Renounce Religion


You were on level 8 of the Dungeon.
You worshipped Trog.
Trog was extremely pleased with you.
You were not hungry.
You were a tree.
You visited 2 branches of the dungeon, and saw 9 of its levels.
You also visited: Ossuary.

You collected 412 gold pieces.

Inventory:

Hand Weapons
 a - a +3 spear
 w - a +3 flail of draining (weapon)
Armour
 f - a +2 pair of gloves (melded)
 n - a +5 ring mail (melded)
Jewellery
 i - a ring of positive energy (left branch)
 k - a +2 ring of slaying (right branch)
Wands
 o - a wand of random effects (37)
Scrolls
 g - a scroll of teleportation
 q - a scroll of enchant armour
 v - 2 scrolls of fog
 y - 2 scrolls of remove curse
Potions
 b - 3 potions of flight
 d - 2 potions of curing
 e - a potion of mutation {unknown}
 l - 2 potions of haste
 m - 4 potions of lignification
 p - a potion of heal wounds {unknown}
 r - 2 potions of brilliance {unknown}
 s - 2 potions of cancellation {unknown}
 t - a potion of might {unknown}
 x - a potion of degeneration {unknown}
 z - a potion of invisibility {unknown}
Comestibles
 c - 11 rations


   Skills:
 + Level 7.8 Fighting
 * Level 10.7 Maces & Flails
 - Level 8.8 Polearms
 + Level 6.1 Armour
 + Level 6.8 Dodging


You had 9 spell levels left.
You didn't know any spells.
Your spell library was empty.

Dungeon Overview and Level Annotations

Branches:
Dungeon (8/15)             Temple (1/1) D:7         Ossuary (visited)
   Lair: D:8-11

Altars:
Ashenzari
Cheibriados
Dithmenos
Elyvilon
Fedhas
Gozag
Hepliaklqana
Kikubaaqudgha
Makhleb
Nemelex Xobeh
Okawaru
Qazlal
Ru
Sif Muna
Trog
Uskayaw
Vehumet
Wu Jian
Xom
Yredelemnul
Zin
The Shining One

Annotations:
D:3 1 runed translucent door, Curus's ghost, amateur DrBe


Innate Abilities, Weirdness & Mutations

((You reflexively headbutt those who attack you in melee.))
((You have a pair of horns on your head.))


Message History

The basilisk is heavily wounded.
* * * LOW HITPOINT WARNING * * *
You feel sick. The basilisk completely misses you.
You sock the basilisk!
The basilisk is severely wounded.
* * * LOW HITPOINT WARNING * * *
You feel sick.
You sock the basilisk!
You kill the basilisk!
Trog accepts your kill.
You cannot move.
You barely miss the kobold demonologist.
* * * LOW HITPOINT WARNING * * *
You feel sick.
The kobold demonologist hits you but does no damage.
You sock the kobold demonologist!
The kobold demonologist is heavily wounded.
You closely miss the kobold demonologist.
The kobold demonologist is heavily wounded.
You die...

#. +# #'. #.# #.#
#..# #..# #..# #..#
#..# #..# #.†#Kl# ##
## ##♣## ##. ..##
##.#T## #. #.# .##
###..#_.#
..##.##..###(##....#
##..#..##.#..##...##
##..#..##.#...#.._#
..##(##..#)...#..(#
##..#..##.#...##.##
# ##..#.)##.#....#.#
..#


You could see a kobold demonologist, a leopard gecko and a friendly deep troll
(berserk).

Vanquished Creatures
  A manticore (D:8)
  A meliai (D:8)
  A hornet (D:8)
  Prince Ribbit (D:7)
  2 basilisks (D:8)
  A water moccasin (D:4)
  An orc warrior (D:7)
  4 sky beasts
  3 phantoms
  3 ogres
  2 centaurs
  A big kobold (D:8)
  Blork the orc (D:4)
  5 bullfrogs
  A wyvern zombie (D:8)
  2 wyvern skeletons
  3 scorpions
  A water moccasin skeleton (D:8)
  3 howler monkeys
  2 crimson imps
  An orc priest (D:3)
  2 orc wizards
  A gnoll shaman (D:8)
  5 hounds
  4 iguanas
  Natasha (thrice) (D:4)
  2 worker ants
  A big kobold zombie (Ossuary)
  2 hound zombies (D:5)
  A hound skeleton (D:7)
  8 mummies (Ossuary)
  A worker ant zombie (D:3)
  4 gnolls (D:5)
  9 adders
  2 shadow imps
  2 adder skeletons
  An adder zombie (D:5)
  A worm (D:3)
  2 dart slugs (D:1)
  4 leopard geckos
  9 orcs
  2 ball pythons
  5 giant cockroaches
  8 goblins
  4 hobgoblins
  12 jackals
  3 quokkas
  5 bats
  3 frilled lizards
  3 hobgoblin zombies (Ossuary)
  7 kobolds
  3 kobold zombies (Ossuary)
  An orc zombie (Ossuary)
  9 rats
169 creatures vanquished.

Notes
Turn   | Place    | Note
-------+----------+-------------------------------------------
     0 | D:1      | Mevorra the Minotaur Berserker began the quest for the Orb.
     0 | D:1      | Reached XP level 1. HP: 19/19 MP: 0/0
     2 | D:1      | Noticed a tengu
     2 | D:1      | Noticed a troll
     4 | D:1      | Noticed a spriggan
     6 | D:1      | Noticed a vine stalker
     6 | D:1      | Noticed a centaur
     9 | D:1      | Noticed an elf
     9 | D:1      | Noticed a ghoul
    11 | D:1      | Noticed a vampire
    11 | D:1      | Noticed a merfolk
    13 | D:1      | Noticed a dwarf
    13 | D:1      | Noticed a formicid
    15 | D:1      | Noticed a demonspawn
    15 | D:1      | Noticed a draconian
    17 | D:1      | Noticed an octopode
    17 | D:1      | Noticed an ogre
    19 | D:1      | Noticed a felid
    22 | D:1      | Noticed a gargoyle
    22 | D:1      | Noticed a human
    24 | D:1      | Noticed a halfling
    24 | D:1      | Noticed a demigod
    26 | D:1      | Noticed a minotaur
    28 | D:1      | Noticed a naga
    67 | D:1      | Reached XP level 2. HP: 21/27 MP: 1/1
   542 | D:2      | You fall into a shaft and drop 2 floors!
   570 | D:3      | Reached ** piety under Trog
   630 | D:2      | Reached XP level 3. HP: 33/33 MP: 2/2
  1170 | D:3      | Found a runed translucent door.
  1199 | D:3      | Noticed Curus's ghost (amateur DrBe)
  1271 | D:3      | Reached XP level 4. HP: 41/41 MP: 3/3
  1487 | D:3      | Reached skill level 5 in Polearms
  1487 | D:3      | Reached XP level 5. HP: 31/47 MP: 4/4
  1663 | D:3      | Reached skill level 5 in Fighting
  1742 | D:4      | Noticed Natasha
  1748 | D:4      | Killed Natasha
  1748 | D:4      | Reached XP level 6. HP: 54/56 MP: 5/5
  1764 | D:4      | Noticed Natasha
  1769 | D:4      | Killed Natasha
  1769 | D:4      | Reached *** piety under Trog
  1771 | D:4      | Noticed Blork the orc
  1782 | D:4      | Killed Blork the orc
  1927 | D:4      | Reached skill level 5 in Dodging
  1927 | D:4      | Reached XP level 7. HP: 51/61 MP: 6/6
  1980 | D:4      | Noticed Natasha
  1983 | D:4      | Killed Natasha
  2137 | D:4      | Found an iron altar of Okawaru.
  2182 | D:4      | Found an ornate altar of the Wu Jian Council.
  2559 | D:5      | Entered Level 5 of the Dungeon
  2615 | D:5      | Found a sand-covered staircase.
  2680 | D:5      | Reached XP level 8. HP: 70/70 MP: 7/7
  2698 | D:5      | Found a white marble altar of Elyvilon.
  2698 | D:5      | Found a shimmering blue altar of Sif Muna.
  2927 | D:5      | Reached **** piety under Trog
  3086 | Ossuary  | Entered an ossuary
  3111 | Ossuary  | Reached skill level 1 in Maces & Flails
  3283 | D:6      | Reached skill level 2 in Maces & Flails
  3315 | D:6      | Reached skill level 3 in Maces & Flails
  3394 | D:6      | Reached skill level 4 in Maces & Flails
  3532 | D:6      | Found an opulent altar of Gozag.
  3532 | D:6      | Found a glowing silver altar of Zin.
  3578 | D:6      | Found a bloodstained altar of Trog.
  3814 | D:7      | Reached skill level 5 in Maces & Flails
  3814 | D:7      | Reached skill level 5 in Armour
  3844 | D:7      | Reached skill level 6 in Maces & Flails
  3844 | D:7      | Reached XP level 9. HP: 74/78 MP: 8/8
  3912 | D:7      | Noticed Prince Ribbit
  3922 | D:7      | Killed Prince Ribbit
  3922 | D:7      | Reached skill level 7 in Maces & Flails
  3988 | D:7      | Found a sparkling altar of Nemelex Xobeh.
  4302 | D:7      | Found a staircase to the Ecumenical Temple.
  4309 | Temple   | Entered the Ecumenical Temple
  4681 | D:8      | Reached skill level 8 in Maces & Flails
  4690 | D:8      | Reached ***** piety under Trog
  4725 | D:8      | Reached skill level 9 in Maces & Flails
  4741 | D:8      | Found a hazy altar of Hepliaklqana.
  4742 | D:8      | Found an ornate altar of the Wu Jian Council.
  4784 | D:8      | Identified the ring of Maxituj {Ice MR+ Slay+5 SInv}
  4784 | D:8      | Noticed a meliai
  4784 | D:8      | Noticed a manticore
  4787 | D:8      | Noticed a kobold demonologist
  4792 | D:8      | HP: 6/177 [meliai/divine providence (12)]
  4794 | D:8      | HP: 2/177 [meliai/+0 war axe (6)]
  4795 | D:8      | Killed a meliai
  4795 | D:8      | Reached skill level 10 in Maces & Flails
  4799 | D:8      | Killed a manticore
  4799 | D:8      | Reached XP level 10. HP: 2/88 MP: 9/9
  4799 | D:8      | HP: 2/198 [poisoned by a meliai]
  4804 | D:8      | HP: 2/198 [poisoned by an orc]
  4809 | D:8      | HP: 1/198 [poisoned by an orc]
  4811 | D:8      | Succumbed to an orc's poison

Levels and vault maps discovered:
D:1:      kb_arrival_jail, layout_basic
D:2:      layout_loops_cross, first_ration
D:3:      kb_forest_paths, layout_basic, ebering_ghost_reflecting_pool,
          st_stairs_6, minmay_fractal_squares_gapless_5
D:4:      layout_basic, kennysheep_little_box, lemuel_doored_altar,
          uniq_blork_the_orc, uniq_natasha
D:5:      layout_basic, chequers_temple_overflow_statue_of_worship,
          enter_ossuary_2
D:6:      layout_basic, grunt_temple_overflow_gold_and_silver,
          lightli_temple_of_fire, basic_altar
D:7:      layout_basic, nicolae_overflow_hidden_temple,
          minmay_temple_entry_sparse_star, grunt_livestock,
          hangedman_decor_slide_cut, uniq_prince_ribbit1
D:8:      minmay_the_grid_octo_2x2 [minmay_the_grid_octo_vomiting_pacman,
          minmay_the_grid_octo_checkerflower, minmay_the_grid_octo_teeth,
          minmay_the_grid_octo_prize_star], layout_loops_cross, serial_shops,
          nicolae_shop_stone, minmay_alternating_orb
Temple:   dpeg_chambers_temple

Skill      XL: |  1  2  3  4  5  6  7  8  9 |
---------------+----------------------------+-----
Polearms       | 4 5 6 8 |  8.8
Fighting       | 4 5 6 7 |  7.8
Dodging        | 3 4 5 6 |  6.8
Armour         | 3 5 6 |  6.1
Maces & Flails | 6 10 | 10.7

Action                   |  1- 3 |  4- 6 |  7- 9 | 10-12 || total
-------------------------+-------+-------+-------+-------++-------
Melee: Spear             |    66 |    90 |    90 |       ||   246
       Headbutt          |    10 |    19 |    47 |       ||    76
       Flail             |       |       |   163 |    12 ||   175
Invok: Berserk           |     2 |     1 |     3 |       ||     6
       Trog's Hand       |       |       |     1 |       ||     1
       Brothers in Arms  |       |       |     1 |       ||     1
Evoke: Wand              |       |       |     1 |       ||     1
  Use: Scroll            |     9 |     2 |     7 |       ||    18
       Potion            |     1 |       |     4 |       ||     5
 Stab: Sleeping          |     1 |       |       |       ||     1
       Distracted        |       |       |     1 |       ||     1
  Eat: Chunk             |     3 |     3 |     6 |       ||    12
       Ration            |       |       |     2 |       ||     2
Armor: Animal skin       |     9 |       |       |       ||     9
       Ring mail         |     2 |    29 |    81 |       ||   112
       Skin              |       |       |    17 |     3 ||    20
Dodge: Dodged            |    36 |    45 |   140 |     4 ||   225
